 Dungeon Crawl Stone Soup version 0.22.0-38-g04b72b8 (webtiles) character file.

98 Lew the Shield-Bearer (level 5, -2/42 HPs)
             Began as a Formicid Fighter on Aug 31, 2018.
             Slain by a gnoll
             ... wielding a +0 spear
              (6 damage)
             ... on level 4 of the Dungeon.
             The game lasted 00:03:08 (545 turns).

Lew the Shield-Bearer (Formicid Fighter)             Turns: 545, Time: 00:03:09

Health: -2/42      AC:  6    Str: 26    XL:     5   Next: 1%
Magic:  5/5        EV:  9    Int:  7    God:
Gold:   25         SH: 10    Dex: 11    Spells: 4/4 levels left

rFire    . . .     SeeInvis +   a - +0 war axe
rCold    . . .     Gourm    .   c - +0 shield
rNeg     . . .     Faith    .   b - +0 scale mail
rPois    .         Spirit   .   (helmet unavailable)
rElec    .         Reflect  .   (no cloak)
rCorr    .         Harm     .   (no gloves)
MR       .....                  (no boots)
Stlth    +.........             (no amulet)
HPRegen  0.14/turn              (no ring)
MPRegen  0.09/turn              (no ring)

@: mighty
A: permanent stasis, dig shafts and tunnels, four strong arms, antennae 3
a: Dig, Shaft Self


You were on level 4 of the Dungeon.
You were not hungry.

You visited 1 branch of the dungeon, and saw 4 of its levels.

You collected 25 gold pieces.

Inventory:

Hand Weapons
 a - a +0 war axe (weapon)
Armour
 b - a +0 scale mail (worn)
 c - a +0 shield (worn)
Scrolls
 e - 2 scrolls of identify {unknown}
 j - a scroll of random uselessness {unknown}
 k - a scroll of magic mapping {unknown}
Potions
 g - a potion of curing {unknown}
 h - a potion of degeneration {unknown}
 i - 3 potions of heal wounds {unknown}
 l - a potion of berserk rage {unknown}
Comestibles
 f - a ration


   Skills:
 * Level 4.0 Fighting
 + Level 2.3 Axes
 + Level 3.6 Armour
 * Level 1.5 Dodging
 * Level 2.4 Stealth
 + Level 4.0 Shields


You had 4 spell levels left.
You didn't know any spells.
Your spell library was empty.

Dungeon Overview and Level Annotations

Branches:
Dungeon (4/15)
 Temple: D:4-7

Altars:
Qazlal

Shops:
D:4 ?


Innate Abilities, Weirdness & Mutations

You cannot be hasted, slowed, berserked, paralysed or teleported.
You can dig through walls and to a lower floor.
Your four strong arms can wield two-handed weapons with a shield.
You have a pair of large antennae on your head. (SInv)


Message History

Okay, then.
Okay, then.
You block the gnoll's attack. The gnoll hits you but does no damage.
You see here a purple potion.
You feel very mighty all of a sudden.
You slash the gnoll!
The gnoll is almost dead.
You block the gnoll's attack.
You hit the gnoll.
You kill the gnoll!
Your Fighting skill increases to level 4!
You have reached level 5!
You block the gnoll's attack.
You slash the gnoll!
The gnoll is severely wounded.
The gnoll hits you but does no damage.
You barely miss the gnoll.
The gnoll is severely wounded.
The gnoll hits you with a spear.
You die...

## # ####. >#
#.... ##. #
#... ...
###.##... #.#
........###g.#
# #.....@#)g.#
##.
###.###.#g##.#
.. ..#.# #.###
# #
#..#.#.###.#
.##..#.#..##.#
... .....##)#
#..#.##.##.#
#..#<##.##.#
#.....#.##.#


You could see a gnoll.

Vanquished Creatures
  A hound (D:4)
  3 gnolls (D:4)
  2 adders
  An adder skeleton (D:4)
  A worm (D:4)
  An orc (D:3)
  A bat (D:3)
  A giant cockroach (D:1)
  2 hobgoblins
  5 kobolds
18 creatures vanquished.

Notes
Turn   | Place    | Note
-------+----------+-------------------------------------------
     0 | D:1      | Lew the Formicid Fighter began the quest for the Orb.
     0 | D:1      | Reached XP level 1. HP: 18/18 MP: 1/1
    94 | D:1      | Reached XP level 2. HP: 22/24 MP: 2/2
   117 | D:2      | Reached skill level 1 in Stealth
   155 | D:3      | Found a stormy altar of Qazlal.
   186 | D:3      | Reached XP level 3. HP: 17/29 MP: 3/3
   478 | D:4      | Found Zoqoante's Magic Scroll Emporium.
   516 | D:4      | Reached skill level 1 in Dodging
   516 | D:4      | Reached XP level 4. HP: 22/37 MP: 4/4
   543 | D:4      | Reached XP level 5. HP: 3/42 MP: 5/5
   545 | D:4      | Slain by a gnoll

Skill      XL: |  1  2  3  4 |
---------------+-------------+-----
Stealth        | 1 2 |  2.4
Dodging        | 1 |  1.5
Shields        | 4 |  4.0
Fighting       | 4 |  4.0
Axes           | |  2.3
Armour         | |  3.6

Action                   |  1- 3 |  4- 6 || total
-------------------------+-------+-------++-------
Melee: War axe           |    51 |    16 ||    67
  Use: Potion            |       |     1 ||     1
Armor: Scale mail        |    15 |     5 ||    20
Dodge: Dodged            |    19 |     8 ||    27
Block: Shield            |    15 |    11 ||    26
